 Dungeon Crawl Stone Soup version 0.15.1-3-g1b33baa (webtiles) character file.

620 CrazyArbalest the Cutter (level 7, -1/47 HPs)
             Began as a Halfling Fighter on Oct 12, 2014.
             Killed from afar by an orc wizard (8 damage)
             ... with a puff of flame
             ... on Level 5 of the Dungeon.
             The game lasted 00:24:27 (5318 turns).

CrazyArbalest the Cutter (Halfling Fighter)         Turns: 5318, Time: 00:24:27

HP  -1/47        AC 12     Str 16      XL: 7   Next: 74%
MP   7/7         EV 10     Int  7      God:
Gold 192         SH  6     Dex 17      Spells:  0 memorised,  6 levels left

rFire  . . .     SeeInvis .     a - +0 cutlass
rCold  . . .     Clarity  .     b - +0 scale mail
rNeg   . . .     rCorr    .     c - +0 buckler
rPois  .         rRot     .     k - +0 helmet
rElec  .         Spirit   .     K - +0 cloak
SustAb .         Warding  .     (no gloves)
rMut   .         Stasis   .     F - +1 pair of boots
Gourm  +                        x - amulet of the gourmand
MR     .....                    (no ring)
                                s - +1 ring of dexterity

@: not resistant to hostile enchantments, extremely unstealthy
A: mutation resistance 1
a: no special abilities


You were on level 5 of the Dungeon.
You were very full.

You visited 1 branch of the dungeon, and saw 5 of its levels.

You collected 192 gold pieces.

Inventory:

Hand weapons
 a - a +0 cutlass (weapon)
Missiles
 j - 105 stones (quivered)
 t - 25 sling bullets
Armour
 b - a +0 scale mail (worn)
 c - a +0 buckler (worn)
 i - a cursed +0 leather armour
 k - a +0 helmet (worn)
 F - a +1 pair of boots (worn)
 K - a +0 cloak (worn)
Comestibles
 d - 2 bread rations
 h - a beef jerky
 l - 5 fruits
 B - a royal jelly
 E - a chunk of giant newt flesh
 H - 3 chunks of orc flesh
 I - a meat ration
 L - a chunk of orc flesh
 M - 2 chunks of orc flesh
Scrolls
 m - a scroll of enchant armour
 n - a scroll of magic mapping {unknown}
 o - 2 scrolls of fog
 u - 2 scrolls of noise
 v - a scroll of fear {unknown}
 y - a scroll of enchant weapon {unknown}
 C - 2 scrolls of amnesia
 D - a scroll of remove curse {unknown}
 G - a scroll of recharging {unknown}
Jewellery
 s - a +1 ring of dexterity (left hand)
 x - an amulet of the gourmand (around neck)
Potions
 e - a potion of might
 f - 5 potions of curing {unknown}
 g - a potion of cure mutation {unknown}
 p - 2 potions of magic {unknown}
 r - a potion of resistance {unknown}
 w - a potion of invisibility {unknown}
 z - 3 potions of restore abilities {unknown}
 A - 2 potions of brilliance {unknown}
 J - a potion of confusion {unknown}


   Skills:
 + Level 3.8 Fighting
 + Level 5.4 Short Blades
 + Level 5.1 Armour
 + Level 4.0 Dodging
 + Level 0.2 Stealth
 + Level 4.7 Shields


You had 6 spell levels left.
You didn't know any spells.

Dungeon Overview and Level Annotations

Branches:
Dungeon (5/15)
 Temple: D:4-7

Altars:
Dithmenos
Elyvilon
Nemelex Xobeh
Okawaru
Sif Muna
Trog
The Shining One

Annotations:
D:3 Grinder


Innate Abilities, Weirdness & Mutations

You are small and have problems with some larger weapons.
You are somewhat resistant to further mutation.


Message History

The orc wizard seems to speed up.
You barely miss the orc.
The orc is lightly wounded.
You feel sick. The orc hits you but does no damage.
You hit the orc.
The orc is moderately wounded.
The orc wizard casts a spell.
You feel a wave of unholy energy pass over you.
The orc closely misses you.
The orc wizard hits you but does no damage.
You feel sick. You block the orc's attack.
The orc wizard gestures at you while chanting.
The puff of frost hits you!
* * * LOW HITPOINT WARNING * * *
You feel sick.
You are no longer poisoned.
The orc wizard glows brightly for a moment.
The orc wizard casts a spell at you. The puff of flame hits you!
You die...

# ####...# ###......### ####
######..........## ###..#
.................######...##
........)..o#o..........###
..###......##o.........## #
###...####..#.....## ##.(##
#..##...## # ##.(##
#..@##...# .####...#
##.<###..## ..#.....#
#...##...## ......(.##
##.....#...#
....#....#####..........##
...#............###......####
.......###)....## ###.......#
......## ####.## ###...#.#
....### #.# ##..###


You could see an orc wizard and an orc.

Vanquished Creatures
  A scorpion (D:4)
  A vampire bat (D:4)
  An orc priest (D:5)
  A jelly (D:5)
  2 worker ants (D:4)
  An iguana (D:4)
  Ijyb (D:2)
  Jessica (D:2)
  8 gnolls
  5 adders
  2 giant mites (D:2)
  5 worms
  An orc skeleton (D:4)
  An adder skeleton (D:4)
  3 fire bats (D:4)
  2 giant geckos (D:1)
  16 orcs
  2 spectral bats (D:4)
  17 bats
  3 bat skeletons (D:4)
  A bat zombie (D:4)
  4 giant cockroaches
  7 goblins
  8 hobgoblins
  6 jackals
  11 kobolds
  A bat simulacrum (D:4)
  8 giant newts
  A hobgoblin skeleton (D:4)
  11 rats
132 creatures vanquished.

Vanquished Creatures (others)
  A scorpion (D:4)
1 creature vanquished.

Grand Total: 133 creatures vanquished

Notes
Turn   | Place    | Note
--------------------------------------------------------------
     0 | D:1      | CrazyArbalest, the Halfling Fighter, began the quest for the Orb.
     0 | D:1      | Reached XP level 1. HP: 15/15 MP: 1/1
    82 | D:1      | Reached XP level 2. HP: 18/20 MP: 2/2
   426 | D:1      | Reached XP level 3. HP: 23/26 MP: 3/3
   866 | D:2      | Noticed Jessica
   873 | D:2      | Killed Jessica
   873 | D:2      | Reached skill level 4 in Armour
   873 | D:2      | Reached skill level 1 in Dodging
   873 | D:2      | Reached XP level 4. HP: 23/31 MP: 4/4
  1040 | D:2      | Found a glowing golden altar of the Shining One.
  1191 | D:2      | Noticed Ijyb
  1209 | D:2      | Killed Ijyb
  1338 | D:2      | Reached XP level 5. HP: 32/36 MP: 5/5
  2506 | D:2      | Reached XP level 6. HP: 22/42 MP: 6/6
  2667 | D:3      | Noticed Grinder
  2684 | D:3      | Found a bloodstained altar of Trog.
  2691 | D:3      | Paralysed by Grinder for 6 turns
  2706 | D:3      | Paralysed by Grinder for 2 turns
  2727 | D:3      | Paralysed by Grinder for 6 turns
  3109 | D:3      | Paralysed by Grinder for 6 turns
  3359 | D:4      | Found an iron altar of Okawaru.
  3359 | D:4      | Found a shadowy altar of Dithmenos.
  3359 | D:4      | Found a deep blue altar of Sif Muna.
  3360 | D:4      | Found a white marble altar of Elyvilon.
  3480 | D:4      | Found a sparkling altar of Nemelex Xobeh.
  4212 | D:4      | Reached XP level 7. HP: 29/47 MP: 7/7
  4531 | D:4      | Reached skill level 5 in Short Blades
  4983 | D:5      | Entered Level 5 of the Dungeon
  5152 | D:5      | Reached skill level 5 in Armour
  5318 | D:5      | Killed from afar by an orc wizard

Action                   |  1- 3 |  4- 6 |  7- 9 || total
-------------------------+-------+-------+-------++-------
Melee: Cutlass           |   125 |   412 |   175 ||   712
  Use: Scroll            |       |       |     4 ||     4
  Eat: Chunk             |       |    24 |     9 ||    33
